 Dungeon Crawl Stone Soup version 0.27.1-1-g398f81649c (webtiles) character file.

Game seed: 4546962201180237358

1194 Destapler the Skirmisher (level 8, -3/57 (70) HPs)
             Began as a Minotaur Abyssal Knight on Sept 8, 2021.
             Was a Believer of Lugonu.
             Slain by a wight (11 damage)
             ... on level 4 of the Dungeon.
             The game lasted 00:09:00 (4711 turns).

Destapler the Skirmisher (Minotaur Abyssal Knight)  Turns: 4711, Time: 00:09:01

HP:   -3/57 (70)    AC: 11    Str: 20    XL:     8   Next: 20%
MP:   10/10         EV: 12    Int:  9    God:    Lugonu [**....]
Gold: 247           SH:  4    Dex:  9    Spells: 7/7 levels left

rFire    + . .     SeeInvis .   f - +3 dagger (protect)
rCold    + . .     Faith    .   q - +0 buckler
rNeg     . . .     Spirit   .   h - quicksilver dragon scales
rPois    +         Reflect  .   (helmet restricted)
rElec    +         Harm     .   (no cloak)
rCorr    +         Rampage  .   (no gloves)
Will     +....                  (no boots)
Stlth    ..........             c - amulet of regeneration
HPRegen  1.19/turn              (no ring)
MPRegen  0.12/turn              (no ring)

@: resistant, heavily drained
A: horns 2, retaliatory headbutt
a: Renounce Religion, Depart the Abyss, Bend Space


You were on level 4 of the Dungeon.
You worshipped Lugonu.
Lugonu was pleased with you.
You visited 1 branch of the dungeon, and saw 5 of its levels.
You visited the Abyss 1 time.

You collected 247 gold pieces.

Inventory:

Hand Weapons
 a - a +1 falchion
 f - a +3 dagger of protection (weapon)
 s - a +1 whip of freezing
Missiles
 b - 10 poisoned darts
 u - 2 boomerangs
Armour
 h - quicksilver dragon scales (worn)
 q - a +0 buckler (worn)
 t - a +1 leather armour of cold resistance
Jewellery
 c - an amulet of regeneration (around neck)
 x - a ring of wizardry
Wands
 l - a wand of acid (5) (quivered)
Scrolls
 d - a scroll of fog {unknown}
 i - a scroll of teleportation {unknown}
 n - 5 scrolls of identify {unknown}
Potions
 e - 4 potions of lignification {unknown}
 g - 4 potions of brilliance {unknown}
 j - a potion of haste {unknown}
 k - a potion of resistance
 m - 2 potions of berserk rage {unknown}
 p - a potion of mutation {unknown}
 w - a potion of cancellation {unknown}


   Skills:
 + Level 6.2 Fighting
 + Level 4.0(4.2) Short Blades
 - Level 2.4(3.7) Long Blades
 + Level 5.4 Armour
 + Level 4.5 Dodging
 - Level 4.0 Shields
 + Level 4.3 Invocations


You had 7 spell levels left.
You didn't know any spells.
Your spell library contained the following spells:

 Spells                   Type           Power      Damage    Failure   Level
 Pain                     Necr           0%         1d4       54%         1
 Slow                     Hex            0%         N/A       69%         2
 Sublimation of Blood     Necr           0%         N/A       69%         2
 Confusing Touch          Hex            0%         N/A       89%         3
 Vampiric Draining        Necr           0%         2d6       89%         3
 Petrify                  Tmut/Erth      0%         N/A       100%        4
 Agony                    Necr           0%         N/A       100%        5
 Excruciating Wounds      Necr           0%         N/A       100%        5
 Irradiate                Conj/Tmut      0%         3d13      100%        5


Dungeon Overview and Level Annotations

Branches:
Dungeon (5/15)             Temple (0/1) D:4

Altars:
Ashenzari
Fedhas
Gozag
Makhleb
Sif Muna
Wu Jian
The Shining One

Annotations:
D:4 3 runed translucent doors, Quickbrownfox's ghost, amateur DsMo; kalagan's ghost, amateur DECj


Innate Abilities, Weirdness & Mutations

You have a pair of horns on your head.
You reflexively headbutt those who attack you in melee.


Message History

The wight hits you with a +5 scimitar.
* * * LOW HITPOINT WARNING * * *
You feel drained.
* * * LOW HITPOINT WARNING * * *
The wight hits you with a +0 flail.
* * * LOW HITPOINT WARNING * * *
The wight hits you but does no damage. The wight hits you with a +0 flail.
* * * LOW HITPOINT WARNING * * *
You feel drained. The wight hits you with a +5 scimitar.
* * * LOW HITPOINT WARNING * * *
You feel drained. The wight hits you with a +5 scimitar.
* * * LOW HITPOINT WARNING * * *
You feel drained.
There is a stone staircase leading up here.
The wight hits you with a +5 scimitar.
* * * LOW HITPOINT WARNING * * *
The wight hits you with a +0 flail!
* * * LOW HITPOINT WARNING * * *
You climb upwards.
Level annotation: 3 runed translucent doors, Quickbrownfox's ghost, amateur DsMo; kalagan's ghost, amateur DECj
There is a stone staircase leading down here.
As you read the scroll labelled ENOADE XAUNI, it crumbles to dust.
You hear a loud clanging noise!
It was a scroll of noise.
The wight hits you with a +5 scimitar.
* * * LOW HITPOINT WARNING * * *
You block the wight's attack.
As you read the scroll labelled SIGOMU MOUTA, it crumbles to dust.
Wisps of shadow whirl around you...
It was a scroll of summoning.
The wight hits you with a +5 scimitar.
* * * LOW HITPOINT WARNING * * *
You feel drained. The wight hits you with a +0 flail.
* * * LOW HITPOINT WARNING * * *
You feel drained.
* * * LOW HITPOINT WARNING * * *
It was a potion of resistance.
You feel protected. The wight hits you with a +5 scimitar!
You die...

#.#####.##.....###.#.......#
#.# #.##...(.....###.###.# #.#
#.####.#.##### #.# #.# #.#
#........# #.# #.#
#.##########+#.#######.# #.#
#......................# #.#
#..##...##.....###....## #.#
#..##...##......##.##..###.#
##.........z@z....#.##...##.#
#......>...K......+..........
##.........S..S....#..#...####
##....##...##......##..#..##
#.....##...##.....###....##
##...............#####.###
##.######..#..........# #.#
#......#####..# #.# #####..#
#..#


You could see 2 wights, 2 friendly adders and a friendly kobold (summoned).

Vanquished Creatures
  Pikel (D:4)
  An ice beast (D:5)
  A black bear (D:5)
  An ogre (D:4)
  A phantom (D:5)
  A wight (D:5)
  A jelly (D:5)
  2 bullfrog skeletons (D:5)
  2 iguanas
  An orc wizard (D:4)
  A hound skeleton (D:4)
  3 gnolls (D:5)
  6 adders
  A worm (D:3)
  4 dart slugs
  8 orcs
  7 endoplasms
  6 giant cockroaches
  6 hobgoblins
  6 jackals
  6 kobolds
  2 quokkas
  A ball python (D:2)
  6 bats
  5 frilled lizards
  5 goblins
  2 rats
87 creatures vanquished.

Notes
Turn   | Place    | Note
-------+----------+-------------------------------------------
     0 | Abyss:1  | Destapler the Minotaur Abyssal Knight began the quest for
                  | the Orb.
     0 | Abyss:1  | Reached XP level 1. HP: 19/19 MP: 1/1
     6 | Abyss:1  | Found a corrupted altar of Lugonu.
    36 | Abyss:1  | Found a corrupted altar of Lugonu.
   106 | Abyss:2  | Noticed a tentacled monstrosity
   107 | D:1      | Escaped the Abyss
   577 | D:1      | Reached XP level 2. HP: 26/27 MP: 2/2
   631 | D:1      | Reached * piety under Lugonu
   632 | D:1      | Found a faded altar of an unknown god.
   986 | D:2      | Reached skill level 4 in Fighting
  1233 | D:2      | Reached XP level 3. HP: 33/33 MP: 3/3
  1669 | D:3      | Reached XP level 4. HP: 37/40 MP: 4/4
  1771 | D:3      | Reached skill level 1 in Short Blades
  1827 | D:3      | Reached ** piety under Lugonu
  2271 | D:4      | Found a runed translucent gate.
  2298 | D:4      | Noticed an ogre
  2626 | D:4      | Reached XP level 5. HP: 47/47 MP: 6/6
  2713 | D:4      | Killed an ogre
  2714 | D:4      | Reached skill level 1 in Shields
  2829 | D:4      | Noticed a lemure
  2832 | D:4      | Noticed Pikel
  2836 | D:4      | Noticed a lemure
  2840 | D:4      | Noticed a lemure
  2851 | D:4      | Killed Pikel
  2852 | D:4      | Reached skill level 5 in Fighting
  2852 | D:4      | Reached XP level 6. HP: 20/56 MP: 7/7
  2852 | D:4      | Reached XP level 7. HP: 22/61 MP: 8/8
  3369 | D:4      | Found an ornate altar of the Wu Jian Council.
  3369 | D:4      | Found an opulent altar of Gozag.
  3369 | D:4      | Found a burning altar of Makhleb.
  3369 | D:4      | Found a broken altar of Ashenzari.
  3433 | D:4      | Found a glowing golden altar of the Shining One.
  3438 | D:4      | Found a blossoming altar of Fedhas.
  3617 | D:4      | Found a runed translucent gate.
  3618 | D:4      | Found a runed translucent gate.
  3624 | D:4      | Noticed Quickbrownfox's ghost (amateur DsMo)
  3624 | D:4      | Noticed kalagan's ghost (amateur DECj)
  3768 | D:4      | Found a staircase to the Ecumenical Temple.
  4049 | D:5      | Entered Level 5 of the Dungeon
  4312 | D:5      | Found a shimmering blue altar of Sif Muna.
  4327 | D:5      | Reached skill level 5 in Armour
  4613 | D:5      | Reached skill level 6 in Fighting
  4613 | D:5      | Reached XP level 8. HP: 50/70 MP: 10/10
  4711 | D:4      | Slain by a wight

Illustrated notes

Levels and vault maps discovered:
D:1:      mushboom_english_gardens, layout_loops_ring,
          hellmonk_ecumenical_altar_pennies_from_heaven
D:2:      layout_rooms, minmay_circle_x
D:3:      layout_rooms, chequers_serial_rivers_small_b, minmay_misc_feat_roman
D:4:      layout_loops_corners, minmay_overflow_temple_hex,
          minmay_temple_entry_stoned_glass, gammafunk_ghost_cemetery,
          minmay_starry_boxes, uniq_pikel
D:5:      layout_basic, kennysheep_little_box

Skill      XL: |  1  2  3  4  5  6  7  8 |
---------------+-------------------------+-----
Invocations    | 2 3 4 |  4.3
Fighting       | 4 5 6 |  6.2
Armour         | 3 4 5 |  5.4
Dodging        | 2 3 4 |  4.5
Short Blades   | 1 2 3 4 |  4.0
Shields        | 3 4 |  4.0
Long Blades    | |  2.4

Action                   |  1- 3 |  4- 6 |  7- 9 || total
-------------------------+-------+-------+-------++-------
Melee: Dagger            |    94 |    78 |   134 ||   306
       Headbutt          |    15 |    17 |    27 ||    59
Invok: Depart the Abyss  |     1 |       |       ||     1
       Bend Space        |       |     1 |       ||     1
Evoke: Wand              |       |     4 |       ||     4
  Use: Scroll            |       |     1 |     3 ||     4
       Potion            |       |       |     1 ||     1
Armor: Leather armour    |    14 |       |       ||    14
       Quicksilver drago |    14 |    33 |    58 ||   105
Dodge: Dodged            |    49 |    37 |    67 ||   153
Block: Buckler           |       |     2 |    23 ||    25
